AoeStats
← Death_Rider

Pilgrims

510109832Analyzed
3v3 RM · 4d ago on Sep 29, 2026· 25m 55s· 6 players
Game mode
Random Map
Map size
Normal (6 player)
Population
200
Speed
Normal
Resources
Standard
Victory
Conquest
Starting age
Dark Age
Ending age
Imperial Age
RankedLock teamsTeams togetherTeam positionsShared explorationLock speedFull tech treeHidden civsTurbo modeCheats
Victory
Defeat
🇭🇰 Mapuche · Hong Kong SAR China
1057
+8
🇭🇰 Romans · Hong Kong SAR China
1054
+8
🇭🇰 Danes · Hong Kong SAR China
721
+21
🇸🇪 Spanish · Sweden
885
-13
🇩🇪 Malians · Germany
873
-13
🇩🇪 Danes · Germany
841
-11
Tyke Mörbult
5:25 Loom
12:05 Feudal Age
13:49 Wheelbarrow
13:42 Gold Mining
13:47 Double-Bit Axe
15:37 Town Watch
15:45 Fishing Lines
21:37 Castle Age
20:06 Fletching
25:47 Medium Warships
Death_Rider
11:18 Loom
13:46 Feudal Age
14:41 Gold Mining
14:44 Stone Mining
14:57 Town Watch
15:48 Wheelbarrow
15:24 Double-Bit Axe
17:55 Fletching
19:47 Horse Collar
straubinger.haustechnik
9:51 Loom
11:51 Feudal Age
13:49 Fishing Lines
14:09 Double-Bit Axe
14:22 Town Watch
20:46 Castle Age
22:28 Gillnets
23:06 Forging
ryan199312
12:02 Feudal Age
12:12 Man-at-Arms
13:48 Scale Mail Armor
13:58 Forging
19:50 Wheelbarrow
19:58 Fletching
22:20 Castle Age
22:33 Long Swordsman
22:39 Long Swordsman
23:36 Chain Mail Armor
23:57 Iron Casting
23:48 Squires
23:59 Double-Bit Axe
Kendrick
12:49 Feudal Age
21:26 Castle Age
24:20 Forging
24:11 Scale Mail Armor
25:37 Arson
25:54 Squires
Chuck
12:12 Feudal Age
12:56 Double-Bit Axe
13:06 Champi Runner
15:49 Gold Mining
17:31 Loom
18:22 Wheelbarrow
20:30 Castle Age
18:51 Forging
19:32 Arson
20:42 Champi Warrior
21:32 Scale Mail Armor
25:07 Chain Mail Armor
25:54 Fletching
Connection lost

Rejoining the realm…

Still unreachable

The connection could not be restored.

Session expired

The server has moved on; the page needs a fresh start.